AoeStats
← [Massa] Edo

Lombardia

508358482Analyzed
2v2 RM · 9d ago on Sep 22, 2026· 33m 20s· 4 players
Game mode
Random Map
Map size
Medium (4 player)
Population
200
Speed
Normal
Resources
Standard
Victory
Conquest
Starting age
Dark Age
Ending age
Imperial Age
RankedLock teamsTeams togetherTeam positionsShared explorationLock speedFull tech treeHidden civsTurbo modeCheats
Victory
Defeat
🇦🇷 Chinese · Argentina
1476
+17
🇦🇷 Italians · Argentina
1476
+17
🇧🇷 Khmer · Brazil
1511
-18
🇧🇷 Mapuche · Brazil
1470
-16
Nuuvv
0:29 Loom
9:31 Feudal Age
9:59 Double-Bit Axe
11:20 Horse Collar
17:34 Scale Barding Armor
17:46 Bloodlines
22:12 Castle Age
21:53 Forging
22:14 Light Cavalry
23:02 Husbandry
24:07 Chain Barding Armor
24:44 Iron Casting
34:01 Bow Saw
Elodin
4:51 Loom
9:03 Feudal Age
10:02 Loom
12:42 Fletching
15:49 Padded Archer Armor
22:00 Castle Age
22:04 Crossbowman
22:41 Bodkin Arrow
24:46 Wheelbarrow
24:28 Leather Archer Armor
27:33 Double-Bit Axe
28:30 Ballistics
30:50 Town Watch
tg
4:53 Loom
10:56 Feudal Age
15:37 Castle Age
13:38 Double-Bit Axe
13:34 Horse Collar
15:02 Fletching
26:54 Padded Archer Armor
27:42 Town Watch
28:40 Bodkin Arrow
30:32 Bow Saw
31:42 Gold Mining
[Massa] Edo
8:59 Feudal Age
7:38 Loom
9:28 Double-Bit Axe
9:34 Horse Collar
17:10 Scale Barding Armor
17:29 Bloodlines
19:04 Forging
20:25 Wheelbarrow
24:03 Castle Age
21:59 Gold Mining
24:26 Light Cavalry
27:23 Ballistics
Connection lost

Rejoining the realm…

Still unreachable

The connection could not be restored.

Session expired

The server has moved on; the page needs a fresh start.